 Dungeon Crawl Stone Soup version 0.21.1-1-g345015f (webtiles) character file.

55 GreenArt the Grave Robber (level 3, -1/24 HPs)
             Began as a Mummy Necromancer on Apr 30, 2018.
             Killed from afar by a dart slug (5 damage)
             ... with a slug dart
             ... on level 2 of the Dungeon.
             The game lasted 00:12:26 (1578 turns).

GreenArt the Grave Robber (Mummy Necromancer)       Turns: 1578, Time: 00:12:27

Health: -1/24      AC:  2    Str: 11    XL:     3   Next: 67%
Magic:  3/7        EV: 12    Int: 15    God:
Gold:   159        SH:  0    Dex: 12    Spells: 6/8 levels left

rFire    x . .     SeeInvis .   (no weapon)
rCold    + . .     Gourm    .   (no shield)
rNeg     + + +     Faith    .   a - +0 robe
rPois    ∞         Spirit   .   (no helmet)
rElec    .         Reflect  .   (no cloak)
rCorr    .         Harm     .   (no gloves)
MR       .....                  (no boots)
Stlth    ++........             (no amulet)
HPRegen  0.08/turn              (no ring)
MPRegen  0.10/turn              (no ring)

@: no status effects
A: no food or potions, fire vulnerability, cold resistance 1, negative energy
resistance 3, torment resistance, unbreathing
a: no special abilities


You were on level 2 of the Dungeon.
You were not hungry.

You visited 1 branch of the dungeon, and saw 2 of its levels.

You collected 159 gold pieces.

Inventory:

Hand Weapons
 g - a +0 club
 i - a +0 whip
 k - a +0 club
 m - a +0 whip
 s - a +0 hand axe
 A - a +0 club
 C - a +0 club
 D - a +0 short sword of electrocution
 F - a +0 whip
 G - a +0 club
Missiles
 c - 38 stones (quivered)
 n - 2 tomahawks of returning
 u - 22 sling bullets
 H - 23 arrows
Armour
 a - a +0 robe (worn)
 e - a +0 robe
 f - a +0 leather armour
 l - a +0 leather armour
 p - a cursed +0 scale mail
 q - a +0 robe
 t - a +0 ring mail
 v - a +2 hat
 w - a cursed +0 chain mail
 y - a +0 leather armour
Scrolls
 o - a scroll of remove curse {unknown}
 r - a scroll of fear {unknown}
 B - a scroll of enchant weapon {unknown}
 E - a scroll of blinking {unknown}
Potions
 d - a potion of agility {unknown}
 h - a potion of magic {unknown}
 x - a potion of cancellation {unknown}
Books
 b - a book of Necromancy

   Spells                             Type                      Level
   a - Pain                           Necromancy                   1
   b - Animate Skeleton               Necromancy                   1
   c - Vampiric Draining              Necromancy                   3
   d - Regeneration                   Charms/Necromancy            3
   e - Animate Dead                   Necromancy                   4
   f - Borgnjor's Vile Clutch         Necromancy/Earth             5
Comestibles
 j - 5 rations
 z - 6 chunks of flesh


   Skills:
 + Level 0.1 Fighting
 + Level 1.7 Dodging
 + Level 2.0 Stealth
 + Level 3.3 Spellcasting
 + Level 4.8 Necromancy


You had 6 spell levels left.
You knew the following spells:

 Your Spells              Type           Power        Failure   Level  Hunger
a - Pain                  Necr           ###.         2%          1    N/A
b - Animate Skeleton      Necr           N/A          2%          1    N/A

Dungeon Overview and Level Annotations

Branches:
Dungeon (2/15)

Altars:
Ashenzari


Innate Abilities, Weirdness & Mutations

You do not eat or drink.
Your flesh is vulnerable to fire.
You are immune to poison.
Your flesh is cold resistant. (rC+)
You are immune to negative energy. (rN+++)
You are immune to unholy pain and torment.
You can survive without breathing.


Message History

* * * LOW HITPOINT WARNING * * *
The adder bites you.
* * * LOW HITPOINT WARNING * * *
Casting: Pain
Confirm with . or Enter, or press ? or * to list all spells.
Aiming: Pain
Press: ? - help, Shift-Dir - straight line, f/p - adder
Aim: an adder (heavily wounded, chance to defeat MR: 82%)
The adder writhes in agony!
You kill the adder!
Your Stealth skill increases to level 2!
Casting: Pain
Confirm with . or Enter, or press ? or * to list all spells.
Aiming: Pain
Press: ? - help, Shift-Dir - straight line, f - dart slug
Aim: a dart slug (chance to defeat MR: 87%)
The dart slug writhes in agony!
The dart slug launches a dart at you. The slug dart hits you!
You die...

...####
#.#.#.#.#
#..# ...#
#.# #.#
##.# ...#
#.#
#.#####.#
...# #.#
#.......##
...# #.#
#........#
...# #.#
#........#
#.## #.#
#.######.#
.# #.# #.#
..# .# #.#
#@# #.#
#.# #.# ..
#.#.....#
#.#
#..w..# .#
#.......
#..?...#$
#....... #
#......##
#.......


You could see a dart slug.

Vanquished Creatures
  2 adders (D:2)
  2 dart slugs
  3 leopard geckos
  A ball python (D:2)
  4 giant cockroaches
  3 goblins
  4 hobgoblins
  2 bats (D:2)
  3 frilled lizards (D:1)
  4 kobolds
  3 rats
31 creatures vanquished.

Notes
Turn   | Place    | Note
-------+----------+-------------------------------------------
     0 | D:1      | GreenArt the Mummy Necromancer began the quest for the Orb.
     0 | D:1      | Reached XP level 1. HP: 13/13 MP: 4/4
    13 | D:1      | Learned a level 1 spell: Animate Skeleton
   119 | D:1      | Found a shattered altar of Ashenzari.
   293 | D:1      | Reached XP level 2. HP: 14/19 MP: 0/5
  1233 | D:2      | Reached XP level 3. HP: 15/24 MP: 1/7
  1578 | D:2      | Killed from afar by a dart slug

Skill      XL: |  1  2  3 |
---------------+----------+-----
Spellcasting   | 3 |  3.3
Stealth        | 2 |  2.0
Fighting       | |  0.1
Dodging        | |  1.7
Necromancy     | |  4.8

Action                   || total
-------------------------++-------
 Cast: Pain              ||    65
       Animate Skeleton  ||     4
Armor: Robe              ||    12
Dodge: Dodged            ||    45
